Cogmind - Beta 17.1 @@@ ROGUE MODE // 2026.09.04 @ 22:05:48 Player: Reverend Result: Destroyed by H-55 Commando with Gauss Rifle Performance ------------- Evolutions (2) 1000 Regions Visited (3) 600 Robots Destroyed (34) 170 Value Destroyed (1086) 1086 Prototype IDs (4) 80 Alien Tech Used (0) 0 Bonus (0) 0 TOTAL SCORE: 2936 Bonus ------- None Cogmind --------- Core Integrity 0/550 Matter 300/300 Energy 220/220 System Corruption 0% Temperature Cool (0) Movement Core (200) Ox3 Location -8/Materials Parts ------- > --- POWER (2) -------- Light Nuclear Core Light Nuclear Core > --- PROPULSION (3) --- (None) > --- UTILITY (4) ------ Structural Scanner Targeting Computer > --- WEAPON (2) ------- (None) > --- INVENTORY (5) ---- Carbon-fiber Leg Flight Unit Improved Sensor Array Improved Sensor Array Peak State ------------ > --- POWER ------------ Light Ion Engine > --- PROPULSION ------- Light Treads Flight Unit Flight Unit > --- UTILITY ---------- Compact Battery Improved Sensor Array Recoil Stabilizer Light Armor Plating > --- WEAPON ----------- Shock Rifle Shotgun > --- INVENTORY -------- Flight Unit Heavy Assault Rifle [Rating: 19] Favorites ----------- Power Improved Ion Engine Engine Improved Ion Engine Power Core Light Nuclear Core Propulsion Light Treads Treads Light Treads Leg Aluminum Leg Flight Unit Flight Unit Utility Small Storage Unit Device Sensor Array Storage Small Storage Unit Processor Targeting Computer Protection Backup Plating I Weapon Light Assault Rifle Energy Gun Shock Rifle Ballistic Gun Light Assault Rifle Launcher Grenade Launcher Special Melee Weapon Datajack Build | -11 -10 -10 -8 ------- Run | Yrd Mat Sub Mat Slots Evolved 4 | . . . 4 Power 1 | . . . 1 Propulsion 1 | . . . 1 Utility 2 | . . . 2 Weapon . | . . . . Parts Attached 43 | 6 8 1 28 Power 8 | 1 2 1 4 Engine 5 | 1 1 1 2 Core 3 | . 1 . 2 Reactor . | . . . . Propulsion 11 | 2 3 . 6 Treads 5 | . 2 . 3 Leg 3 | 2 1 . . Wheel . | . . . . Hover . | . . . . Flight 3 | . . . 3 Utility 14 | 1 2 . 11 Device 6 | . 2 . 4 Storage 3 | 1 . . 2 Processor 2 | . . . 2 Hackware . | . . . . Protection 3 | . . . 3 Artifact . | . . . . Weapon 10 | 2 1 . 7 Energy Gun 2 | . . . 2 Energy Cannon . | . . . . Ballistic Gun 6 | 2 . . 4 Ballistic Cannon . | . . . . Launcher 1 | . 1 . . Special Weapon . | . . . . Impact Weapon . | . . . . Slashing Weapon . | . . . . Piercing Weapon . | . . . . Special Melee Weapon 1 | . . . 1 Unidentified Prototypes . | . . . . Parts Lost 29 | . 2 . 27 Power 3 | . . . 3 Propulsion 7 | . 1 . 6 Utility 9 | . . . 9 Weapon 10 | . 1 . 9 Highest Loss Streak 7 | . 1 . 7 To Critical Strikes 1 | . . . 1 Average Backups 3 | 1 5 4 2 Power . | . . . . Propulsion . | 1 . . . Utility 2 | . 3 3 . Weapon . | . . . . Tool/Special . | . . . . Unused Backups 6 | . 2 2 2 Power 1 | . 1 . . Propulsion 1 | . . . 1 Utility 4 | . 1 2 1 Weapon . | . . . . Tool/Special . | . . . . Average Slot Usage (%) 80 | . 95 100 60 Engine 9 | . 13 14 5 Treads 15 | . 17 28 10 Leg 4 | . 8 . . Flight 2 | . . . 5 Device 9 | . 9 9 8 Storage 10 | . 14 14 5 Processor 2 | . . . 4 Protection 4 | . 4 4 4 Ballistic Gun 15 | . 18 14 12 Launcher 5 | . 7 14 1 Peak Build Rating 19 | 6 9 9 19 Average Rating 9 | 5 7 8 11 On Entrance 5 | . 6 8 8 Avg Prop Armor Cover (%) 7 | . . . 7 Naked Turns . | . . . . Heaviest Build 51 | 12 17 17 51 Greatest Support 40 | 20 40 40 40 Greatest Overweight (x) 5 | . 1 . 5 Average Overweight (x) . | . . . . Largest Inventory Capacity 25 | 8 8 8 25 Average Capacity 8 | 7 8 8 8 Most Carried 8 | 3 8 8 5 Average Carried 3 | 1 5 5 2 Final Capacity 25 | 8 8 8 25 Final Carried 5 | 3 5 5 4 Class Distribution -------------------- 78% | Mutant 21% | Scavenger-Mutant Dominant Class ---------------- Mutant | -10/Materials Mutant | -10/Subcaves Scavenger-Mutant | -8/Materials Resources | -11 -10 -10 -8 ----------- Run | Yrd Mat Sub Mat Matter Collected 1046 | 213 254 34 545 Remotely . | . . . . Salvage Created 1057 | . 354 62 641 Parts 70 | . 23 5 42 Haulers Intercepted . | . . . . Recyclers Shooed 2 | . . . 2 Parts Field Recycled . | . . . . Retrieved Matter . | . . . . Parts Self-Destructed . | . . . . Prevented . | . . . . Parts Restored . | . . . . Kills | -11 -10 -10 -8 ------- Run | Yrd Mat Sub Mat Combat Hostiles Destroyed 32 | . 11 2 19 Guns 28 | . 10 1 17 AOE 4 | . 1 1 2 Classes Destroyed 7 | . 3 1 3 Builder 1 | . . . 1 Watcher 1 | . 1 . . Swarmer 10 | . 3 . 7 Grunt 15 | . 8 . 7 Sentry 4 | . . . 4 Hunter 1 | . . . 1 Subdweller 2 | . . 2 . Best Kill Streak 6 | . 6 2 5 Combat Bots Only 6 | . 6 2 4 Max Kills in Single Turn 2 | . 2 2 2 Gunslinging 1 | . . . 1 Exploded 1 | . 1 1 1 Melee . | . . . . Uniques/NPCs Destroyed . | . . . . Combat | -11 -10 -10 -8 -------- Run | Yrd Mat Sub Mat Hostile Shots Fired 337 | . 90 . 247 Missed 93 | . 31 . 62 Hits 244 | . 59 . 185 Projectile 244 | . 59 . 185 Critical Strikes 8 | . 3 . 5 Damage Taken 3327 | . 737 . 2590 Core 759 | . 193 . 566 Absorbed by Shields . | . . . . Regen/Repaired (Parts) 13 | . 13 . . Core Remaining (%) 61 | 100 . 22 . Volleys Fired 128 | . 54 2 72 Largest 2 | . 2 2 2 Hottest 93 | . 50 50 93 Shots Fired 202 | . 92 4 106 Gun 191 | . 87 2 102 Cannon . | . . . . Launcher 11 | . 5 2 4 Special . | . . . . Kinetic 179 | . 87 2 90 Thermal 5 | . . . 5 Explosive 11 | . 5 2 4 Electromagnetic 7 | . . . 7 Robot Hit Streak 10 | . 8 2 10 Robot Miss Streak 5 | . 4 . 5 Penetration Max 1 | . . . 1 Secondary Targets 3 | . 1 . 2 Max Gunslinging Chain 1 | . 1 . 1 Shots Hit Robots 129 | . 55 1 73 Core Hits 67 | . 24 2 41 Critical Kills 2 | . 1 . 1 Critical Parts Destroyed . | . . . . Critical Strikes 2 | . 1 . 1 Destroy 2 | . 1 . 1 Melee Attacks 4 | . . . 4 Impact . | . . . . Slashing . | . . . . Piercing . | . . . . Sneak Attacks . | . . . . Combat Hostiles . | . . . . Follow-up Attacks . | . . . . Damage Inflicted 1951 | . 577 29 1345 Guns 1547 | . 458 8 1081 Cannons . | . . . . Explosions 389 | . 119 21 249 Melee . | . . . . Ramming 15 | . . . 15 Kinetic 1449 | . 458 8 983 Thermal 52 | . . . 52 Explosive 389 | . 119 21 249 Electromagnetic 46 | . . . 46 Impact . | . . . . Slashing . | . . . . Piercing . | . . . . Highest Corruption . | . . . . Average Corruption . | . . . . Corruption Purged . | . . . . Corruption Blocked . | . . . . Overload Shots . | . . . . Overflow Damage . | . . . . Projectiles . | . . . . Explosions . | . . . . Melee . | . . . . Knockbacks . | . . . . Impact . | . . . . Kinetic . | . . . . Secondary . | . . . . Self-Inflicted Damage 19 | . 12 . 7 Shots 2 | . 2 . . Rammed 3 | . . . 3 Targets Rammed 3 | . . . 3 Kicked . | . . . . Crushed . | . . . . Highest Temperature 72 | . 25 . 72 Average Temperature 16 | . 9 . 28 Received Heat Transfer 1200 | . 381 . 819 Siege Activations . | . . . . Martial Activations . | . . . . Shielding Activations . | . . . . Robots Disrupted . | . . . . Combat Hostiles . | . . . . Robots Corrupted . | . . . . Combat Hostiles . | . . . . Parts Fried . | . . . . Impact Corruptions . | . . . . Robots Melted . | . . . . Combat Hostiles . | . . . . Parts Melted . | . . . . Heat Transferred 111 | . . . 111 Parts Sabotaged . | . . . . Parts Stolen . | . . . . Parts Stripped . | . . . . Power Chain Reactions . | . . . . Alert | -11 -10 -10 -8 ------- Run | Yrd Mat Sub Mat Maximum Alert Level . | . . . . Low Security (%) 100 | 100 100 . 100 Level 1 . | . . . . Level 2 . | . . . . Level 3 . | . . . . Level 4 . | . . . . Level 5 . | . . . . High Security . | . . . . Max Security . | . . . . Peak Influence 145 | . 145 . 126 Initial . | . . . . Average 32 | . 32 . 37 Influence Increases 914 | . 361 . 553 Destroy 0b10 Robot/C 600 | . 220 . 380 Destroy 0b10 Robot/NC 10 | . 5 . 5 Destroy Leader 132 | . 42 . 90 Successful Hack 17 | . 12 . 5 Disable Machine 30 | . 15 . 15 Destroy Structure 50 | . 22 . 28 Lose Combat Pursuer 75 | . 45 . 30 Influence Decreases 815 | . 361 . 454 Time Decay 505 | . 235 . 270 Lost Part 204 | . 20 . 184 Purge Threat 106 | . 106 . . Squads Dispatched 3 | . 1 . 2 Investigation . | . . . . Extermination . | . . . . Reinforcement 2 | . 1 . 1 Assault . | . . . . Garrison 1 | . . . 1 Intercept . | . . . . Searches Triggered . | . . . . Construction Impeded . | . . . . Haulers Reinforced . | . . . . Active Scanning Responses . | . . . . Cargo Convoy Interrupts . | . . . . Stealth | -11 -10 -10 -8 --------- Run | Yrd Mat Sub Mat Distress Signals 5 | . 1 . 4 Communications Jammed . | . . . . Distress Signals . | . . . . Times Spotted 60 | . 25 2 33 Peak Tracking Total 6 | . 6 2 5 Tactical Retreats 3 | . 1 . 2 Traps | -11 -10 -10 -8 ------- Run | Yrd Mat Sub Mat Traps Triggered 1 | . 1 . . Indirectly . | . . . . Trap Hack Attempts . | . . . . Triggered . | . . . . Disarmed . | . . . . Reprogrammed . | . . . . Reused . | . . . . Traps Extracted . | . . . . Installed . | . . . . Triggered . | . . . . Machines | -11 -10 -10 -8 ---------- Run | Yrd Mat Sub Mat Machines Disabled 2 | . 1 . 1 Max in Single Turn 1 | . 1 . 1 Machines Repaired . | . . . . Machines Dismantled . | . . . . Machines Sabotaged . | . . . . Overloaded Fab Kills . | . . . . Hacking | -11 -10 -10 -8 --------- Run | Yrd Mat Sub Mat Machines Accessed 7 | . 6 . 1 Terminals 5 | . 4 . 1 Fabricators . | . . . . Repair Stations 1 | . 1 . . Recycling Units 1 | . 1 . . Scanalyzers . | . . . . Garrison Access . | . . . . Total Hacks 22 | . 20 . 2 Successful 14 | . 13 . 1 Failed 8 | . 7 . 1 Catastrophic . | . . . . Database Lockouts . | . . . . Manual 1 | . 1 . . Terminals 12 | . 10 . 2 Fabricators . | . . . . Repair Stations 3 | . 3 . . Recycling Units 7 | . 7 . . Scanalyzers . | . . . . Garrison Access . | . . . . Terminal Hacks 7 | . 6 . 1 Record 2 | . 2 . . Prototype ID Bank 2 | . 1 . 1 Alert Level 1 | . 1 . . Unreport Threat 1 | . 1 . . Surveillance Status 1 | . 1 . . Fabricator Hacks . | . . . . Repair Station Hacks 3 | . 3 . . Scan Component 1 | . 1 . . Repair 1 | . 1 . . Refit 1 | . 1 . . Recycling Unit Hacks 4 | . 4 . . Recycle Component 2 | . 2 . . Process 1 | . 1 . . Report Inventory 1 | . 1 . . Scanalyzer . | . . . . Garrison Access Hacks . | . . . . Unauthorized Hacks . | . . . . Terminals . | . . . . Fabricators . | . . . . Repair Stations . | . . . . Recycling Units . | . . . . Scanalyzers . | . . . . Garrison Access . | . . . . Data Cores Recovered . | . . . . Used . | . . . . Hacking Detections 6 | . 5 . 1 Full Trace Events . | . . . . Feedback Events . | . . . . Feedback Blocked . | . . . . Robot Schematics Acquired . | . . . . Robots Built . | . . . . Authchips . | . . . . Time . | . . . . Total Robot Build Rating . | . . . . Part Schematics Acquired . | . . . . Parts Built . | . . . . Authchips . | . . . . Time . | . . . . Total Part Build Rating . | . . . . Part Studies Acquired . | . . . . Parts Repaired 1 | . 1 . . Time 26 | . 26 . . Parts Recycled 2 | . 2 . . Recycled Matter 190 | . 190 . . Retrieved Matter . | . . . . Retrieved Components . | . . . . Parts Scanalyzed . | . . . . Part Schematics Acquired . | . . . . Parts Damaged . | . . . . Bothacking | -11 -10 -10 -8 ------------ Run | Yrd Mat Sub Mat Used RIF Installer . | . . . . Robots Hacked 1 | . . . 1 Non-combat . | . . . . Combat 1 | . . . 1 Robot Hacks Applied 3 | . . . 3 parse_system 3 | . . . 3 Relay Couplers Released . | . . . . Fabnet Peak Effective % . | . . . . Robots Rewired . | . . . . Allies Hacked . | . . . . Hacks Repelled . | . . . . Allies | -11 -10 -10 -8 -------- Run | Yrd Mat Sub Mat Total Allies . | . . . . Largest Group . | . . . . Highest-Rated Group . | . . . . Highest-Rated Ally . | . . . . Total Orders . | . . . . Ally Attacks . | . . . . Total Damage . | . . . . Kills . | . . . . Allies Corrupted . | . . . . Allies Melted . | . . . . Intel | -11 -10 -10 -8 ------- Run | Yrd Mat Sub Mat Active Infowar (turns) 1492 | . 712 124 656 Sensors 1472 | . 712 124 636 Structural 20 | . . . 20 Robot Analysis Total . | . . . . Derelict Logs Recovered . | . . . . Drone Launches . | . . . . Drone Recoveries . | . . . . Exploration | -11 -10 -10 -8 ------------- Run | Yrd Mat Sub Mat Turns Passed 2380 | 135 1100 163 982 Spaces Moved 1355 | 113 591 93 558 Core 216 | 17 . . 199 Treads 711 | . 381 93 237 Legs 306 | 96 210 . . Wheels . | . . . . Hover . | . . . . Flight 122 | . . . 122 Fastest Speed 50 | 50 120 160 50 Average Speed 140 | 109 150 160 132 Slowest Speed 320 | 120 190 160 320 Overloaded Moves . | . . . . Propulsion Burnouts . | . . . . Robots Hopped . | . . . . Potential Cave-ins . | . . . . Cave-ins Triggered . | . . . . Exploration Rate (%) 23 | 4 65 3 22 Regions Visited 3 Branch Regions 1 Pre-discovered Areas . | . . . . Known Exits Taken . | . . . . Unknown Exits Taken 3 | 1 1 1 . Scrap Searched . | . . . . Spaces Dug . | . . . . Terrain Destroyed 59 | . 25 10 24 Melee . | . . . . Projectile . | . . . . AOE 59 | . 25 10 24 Terrain Rammed . | . . . . Walls Destroyed . | . . . . Machines Disabled . | . . . . Actions | -11 -10 -10 -8 --------- Run | Yrd Mat Sub Mat Total 1641 | 121 727 106 687 Wait 70 | . 62 . 8 Move 1352 | 112 590 92 558 Hop . | . . . . Pick Up 19 | 3 9 3 4 Fast Attach 31 | 6 2 1 22 Attach 13 | . 4 2 7 Detach 3 | . . 1 2 Swap 5 | . 2 . 3 Drop 13 | . 4 5 4 Fire 128 | . 54 2 72 Melee 4 | . . . 4 Ram 3 | . . . 3 Kick . | . . . . Crush . | . . . . Escape Stasis . | . . . . Rewire . | . . . . Trap . | . . . . Miscellaneous . | . . . . Route ------- -11/Scrapyard -10/Materials (discovered 5 exits: [*Mat x2] / [*Min x2] / [*Sub]) -10/Subcaves -8/Materials History --------- Turn | Location | Event 9 | -11/Scrapyard | Discovered new exit (range 16) 136 | -11/Scrapyard | Entered Materials 138 | -10/Materials | Discovered new exit (range 12) 275 | -10/Materials | Discovered new exit (range 6) 308 | -10/Materials | Build established: Mutant 404 | -10/Materials | Discovered new exit (range 16) 479 | -10/Materials | Core integrity fell below 50% 680 | -10/Materials | Discovered new exit (range 16) 943 | -10/Materials | Repaired Sensor Array 1118 | -10/Materials | Discovered new exit (range 12) 1236 | -10/Materials | Entered Subcaves 1237 | -10/Subcaves | Approached by a straggling Scientist 1256 | -10/Subcaves | Discovered new exit (range 10) 1399 | -10/Subcaves | Entered Materials 1399 | -8/Materials | Evolved 4 slots: Power x1, Propulsion x1, Utility x2 1453 | -8/Materials | Garrison activated, responded to threat 1543 | -8/Materials | Lost 3 parts (1n1u1w) 1637 | -8/Materials | Lost 6 parts (1p1n2u2w) 1666 | -8/Materials | Core integrity fell below 50% 2095 | -8/Materials | Lost 5 parts (1p1n1u2w) 2240 | -8/Materials | Core integrity fell below 20% 2365 | -8/Materials | Lost 7 parts (1p2n3u1w) 2381 | -8/Materials | Destroyed by H-55 Commando with Gauss Rifle Last Messages --------------- 02351_ K-01 Serf collects debris. 02354_ Acquired Lgt. Nuclear Core. 02354_ K-01 Serf collects debris. 02361_ Acquired Structural Scanner. 02362_ W-25 Informer sends out distress signal. 02362_ K-01 Serf collects debris. 02363_ Acquired 20 matter. 02366_ C-30 ARC bursts open, deploying its payload. 02366_ H-55 Commando unfolds itself. 02366_ Slug penetrates Wall. 02369_ Particle Gun destroyed. 02371_ R-06 Scavenger collects Wheel. 02372_ Slug penetrates Wall. 02374_ Slug penetrates Scanalyzer. 02374_ Scanalyzer disabled. 02375_ Slug penetrates Wall. 02375_ Gauss Rifle destroyed. 02378_ Slug penetrates Wall. 02381_ Penetrated by Slug. Map ----- +----------------------------------------------------+ | ??????????????????????????????????? | | ??????????????????????????????????? | | ??????????????????????????????????? | | ??????????????????????????????????? | | ??????????????????????????????????? | | ??????????????????????????????????? | | ??????????????????????????? ??????? | | ??????????????????????????? ??????? | | ??????????????????????????? ??????? | | ????????????????????????###+####??? | | ????????????????????????? ???? | | ????????????????????????? #??? | | ?????????????????????????? [ #??? | | ?????????????????????????? #??? | | ??????????????????????????? "#??? | | ??????????????????????????? T#??? | | ???????????????????????????? "???? | | ????????????????????????????=* ???? | | ????????????????????????????#+##??? | | ????????????????????????????# ##??? | | ????????????????????????????# ##??? | | ??????????????# ######### ##??? | | ??????????????# " ###?? | | ????????????? # # #####;###?? | | ????????????? # # [=# *%= ##?? | | ????????????? # h ; %=@ ##?? | | ????????????? # % ### #" ##?? | | ????????????? ##+###### #" " !##?? | | ????????????? # ?????## # "" ##?? | | ??????????????????????# # ]##?? | | ??????????????????????# #########?? | | ??????????????????????# #########?? | | ??????????????????????# #?????????? | | ?????????????????? ??# #######???? | | ??????????????####+#### #???? | | ??????????????# # ##### #???? | | ??????????????+ ! # #???# #???? | | ??????????????# # #???# #???? | | ??????????????# ##### #???# #???? | | ??????????????# #???# #???# #???? | | ??????????????# #???# #???# #???? | | ??????????????# #???# #?###+##### | | ??????????????# #???# #?# # | | ????#########?# #???# #?# # | | ######## # ### ##??# #?# # | | ####### #### ### # | | # # | | " T + # | | ## # # | | # ####### ###### # # | +----------------------------------------------------+ Best States ------------- Heat Dissipation 31 Energy Generation 23 Energy Capacity 325 Matter Stores 300 Matter Capacity 300 Sight Range 16 Robot Scan Range 15 Terrain Scan Density 10 Additional Mass Support 6 Armor Coverage 300 Evasion (%) 55 Targeting Accuracy 5 Recoil Reduction 6 Item Schematics ----------------- None Robot Schematics ------------------ None Fabricated ------------ Nothing Repaired ---------- Sensor Array | 35% | -10/Materials Studied --------- None Alien Tech Used ----------------- None Achievements -------------- Everything Is Under Control Fitting Room Challenges ------------ None Game ------ Seed BombSuperchargedNanovents Manual? 0 Play Time 00:58:37 Cumulative 10.5 hours Start 2026.09.02 @ 21:36:55 End 2026.09.04 @ 22:05:48 Sessions 3 Manual Loads 0 Difficulty Rogue Special Mode None Game No. 15 Rogue 15 Adventurer 0 Explorer 0 Win Type - Total 0 Types 0/0/0/0/0/0/0/0/0/0 Lore% 3 Gallery% 9 Achievement% 7 Wizard Run 0 Options --------- Layout 2 ASCII 0 Keyboard 1 Movement Mouse Keybinds 0 Fullscreen 1 Font 48/Smallcaps Map View 50x44 Zoom Use 0% Tactical HUD 1 Map Filters NONE Filters NONE Steam 1 RUN: 6361ca33-90c7-4cc6-832f-aba28f3edea2